 Dungeon Crawl Stone Soup version 0.19-a0-1206-g6bcb79c (webtiles) character file.

1082 Kidiri the Thaumaturge (level 8, -11/43 HPs)
             Began as a Deep Elf Fire Elementalist on Aug 20, 2016.
             Was a Follower of Vehumet.
             Mangled by Pikel
             ... wielding a +2 whip of electrocution
              (17 damage)
             ... on level 5 of the Dungeon on Aug 21, 2016.
             The game lasted 00:37:55 (6364 turns).

Kidiri the Thaumaturge (Deep Elf Fire Elementalist) Turns: 6364, Time: 00:37:56

Health: -11/43     AC:  4    Str:  5    XL:     8   Next: 8%
Magic:  8/22       EV: 13    Int: 23    God:    Vehumet [*.....]
Gold:   383        SH:  0    Dex: 15    Spells: 7 memorised, 4 levels left

rFire  + . .     SeeInvis .     f - +2 dagger (elec)
rCold  . . .     Gourm    .     a - +0 robe
rNeg   . . .     Faith    .     (no shield)
rPois  +         Spirit   .     (helmet restricted)
rElec  .         Dismiss  .     e - +0 cloak
rCorr  .         Reflect  .     (no gloves)
MR     +....     Harm     .     p - +0 pair of boots
Stlth  ++........               (no amulet)
                                (no ring)
                                v - ring of poison resistance

@: no status effects
A: horns 1, fire resistance 1, magic resistance 1
a: Renounce Religion


You were on level 5 of the Dungeon.
You worshipped Vehumet.
Vehumet was aware of your devotion.
You were hungry.

You visited 2 branches of the dungeon, and saw 6 of its levels.

You collected 383 gold pieces.

Inventory:

Hand Weapons
 f - a +2 dagger of electrocution (weapon)
Armour
 a - a +0 robe (worn)
 e - a +0 cloak (worn)
 n - a +2 helmet
 p - a +0 pair of boots (worn)
Jewellery
 v - a ring of poison resistance (left hand)
Wands
 d - a wand of enslavement (8/24)
 m - a wand of slowing (29/48)
 r - a wand of confusion (18/48)
 u - a wand of paralysis (10/24)
 w - a wand of disintegration (16/24)
Scrolls
 k - 2 scrolls of remove curse
Potions
 g - 3 potions of flight
 h - 2 potions of might {unknown}
 i - a potion of resistance
 o - 2 potions of mutation {unknown}
Books
 b - a book of Flames

   Spells                             Type                      Level
   a - Flame Tongue                   Conjuration/Fire             1
   b - Throw Flame                    Conjuration/Fire             2
   c - Conjure Flame                  Conjuration/Fire             3
   d - Inner Flame                    Hexes/Fire                   3
   e - Sticky Flame                   Conjuration/Fire             4
   f - Fireball                       Conjuration/Fire             5
Comestibles
 c - 6 bread rations
 j - 3 meat rations
 l - 2 beef jerkies
 q - 10 chunks of flesh


   Skills:
 + Level 1.3 Fighting
 + Level 1.9 Short Blades
 + Level 1.4 Armour
 + Level 3.0 Dodging
 - Level 2.4 Stealth
 * Level 8.3 Spellcasting
 + Level 4.4 Conjurations
 + Level 5.5 Fire Magic
 + Level 0.0 Air Magic
 + Level 2.0 Evocations


You had 4 spell levels left.
You knew the following spells:

 Your Spells              Type           Power        Failure   Level  Hunger
a - Flame Tongue          Conj/Fire      ####.        1%          1    None
b - Throw Flame           Conj/Fire      ####..       1%          2    None
c - Conjure Flame         Conj/Fire      ####....     2%          3    None
d - Inner Flame           Hex/Fire       ###.....     10%         3    None
e - Sticky Flame          Conj/Fire      ####....     10%         4    ##.....
f - Fireball              Conj/Fire      ####......   24%         5    #####..
g - Shock                 Conj/Air       ###.         2%          1    None


Dungeon Overview and Level Annotations

Branches:
Dungeon (5/15)             Temple (1/1) D:4

Altars:
Cheibriados
Elyvilon
Fedhas
Gozag
Hepliaklqana
Kikubaaqudgha
Makhleb
Nemelex Xobeh
Okawaru
Ru
Sif Muna
Trog
Uskayaw
Vehumet
Xom
Yredelemnul
Zin
The Shining One

Annotations:
D:5 Blork the orc, Pikel


Innate Abilities, Weirdness & Mutations

You have a pair of small horns on your head.
Your flesh is heat resistant. (rF+)
You are resistant to hostile enchantments. (MR+)


Message History

The puff of frost hits you!
Blork the orc screams, "I'll break your arms!"
You start resting.
Eating one of 10 chunks of flesh.
You start eating one of the 10 chunks of flesh.
Keep eating? [Y]es or [N]o only, please.
Keep eating?
You stop eating.
Casting: Sticky Flame
Confirm with . or Enter, or press ? or * to list all spells.
Aiming: Sticky Flame
Press: ? - help, Shift-Dir - straight line, f - Pikel
Aim: Pikel, wielding a whip of electrocution and wearing a robe The sticky flame hits Pikel.
Pikel is lightly wounded.
Pikel is covered in liquid flames!
Pikel burns!
Pikel hits you with a whip of electrocution!
* * * LOW HITPOINT WARNING * * *
You are electrocuted!
You die...

####...#.........#...#
.......#.####....##p##
.........##.........#
............#.....[##
...##.###########..####.# ..###.#
##.#....# .####.# #.#....#
[.....############o#....#
.#.##...........@K......##
.#..#.############.#.....#
.##...#### #.#.....## ####.....#
######........#
.####.##.####>.........##.###
...........##..........##...#####
.....).....##..........####......
)..........##..........####......
...........##..........#.........


You could see Pikel (burning) and Blork the orc.

Vanquished Creatures
  Eustachio (D:5)
  The ghost of Duffy the Twirler, an amateur CeGl (D:4)
  Duvessa (D:5)
  2 slaves (D:5)
  An ice beast (D:5)
  A water moccasin zombie (D:5)
  Dowan (D:5)
  A scorpion (D:4)
  A howler monkey (D:5)
  An orc priest (D:5)
  Crazy Yiuf (D:2)
  A giant frog skeleton (D:5)
  Terence (D:2)
  An orc wizard (D:5)
  2 worker ants (D:4)
  A mummy (D:4)
  2 hound skeletons (D:5)
  A gnoll (D:1)
  7 adders
  A shadow imp (D:5)
  An ooze (D:4)
  6 worms
  3 dart slugs
  2 giant geckos (D:4)
  7 orcs
  2 ball pythons
  7 giant cockroaches
  5 goblins
  14 hobgoblins
  7 jackals
  13 kobolds
  3 quokkas
  7 bats
  3 giant newts
  A quokka skeleton (D:4)
  8 rats
118 creatures vanquished.

Notes
Turn   | Place    | Note
-------+----------+-------------------------------------------
     0 | D:1      | Kidiri the Deep Elf Fire Elementalist began the quest for the Orb.
     0 | D:1      | Reached XP level 1. HP: 10/10 MP: 6/6
   364 | D:1      | Reached XP level 2. HP: 11/15 MP: 5/8
   368 | D:1      | Learned a level 2 spell: Throw Flame
   764 | D:1      | Reached skill level 4 in Spellcasting
  1017 | D:1      | Reached XP level 3. HP: 18/19 MP: 5/10
  1022 | D:1      | Learned a level 3 spell: Conjure Flame
  1026 | D:1      | Learned a level 3 spell: Inner Flame
  1687 | D:2      | Found a runed door.
  1745 | D:2      | Noticed Terence
  1798 | D:2      | Killed Terence
  1798 | D:2      | Reached XP level 4. HP: 19/24 MP: 3/12
  2246 | D:2      | Reached skill level 5 in Spellcasting
  2323 | D:2      | Learned a level 4 spell: Sticky Flame
  2568 | D:2      | Noticed Crazy Yiuf
  2580 | D:2      | Killed Crazy Yiuf
  2580 | D:2      | Reached XP level 5. HP: 19/28 MP: 5/14
  2855 | D:3      | Found a hide-covered altar of Uskayaw.
  2880 | D:3      | Found a blossoming altar of Fedhas.
  3115 | D:3      | Reached skill level 6 in Spellcasting
  3495 | D:4      | Gained mutation: You have a pair of small horns on your head. [potion of beneficial mutation]
  3496 | D:4      | Gained mutation: Your flesh is heat resistant. (rF+) [potion of beneficial mutation]
  3497 | D:4      | Gained mutation: You are resistant to hostile enchantments. (MR+) [potion of beneficial mutation]
  3516 | D:4      | Found a staircase to the Ecumenical Temple.
  3522 | Temple   | Entered the Ecumenical Temple
  3722 | Temple   | Became a worshipper of Vehumet
  3782 | D:4      | Reached XP level 6. HP: 32/32 MP: 11/17
  3906 | D:4      | Noticed Duffy's ghost (amateur CeGl)
  4248 | D:4      | Found a sand-covered staircase.
  4320 | D:4      | Upgraded the game from 0.19-a0-1201-gda63bca to 0.19-a0-1206-g6bcb79c
  4329 | D:4      | Learned a level 5 spell: Fireball
  4568 | D:4      | Killed Duffy's ghost
  4568 | D:4      | Reached skill level 7 in Spellcasting
  4568 | D:4      | Reached skill level 5 in Fire Magic
  5183 | D:5      | Entered Level 5 of the Dungeon
  5187 | D:5      | Reached XP level 7. HP: 36/36 MP: 13/20
  5467 | D:5      | Noticed Duvessa
  5472 | D:5      | Noticed Dowan
  5476 | D:5      | Killed Duvessa
  5476 | D:5      | Reached * piety under Vehumet
  5476 | D:5      | Offered knowledge of Shock by Vehumet.
  5476 | D:5      | Reached skill level 1 in Short Blades
  5476 | D:5      | Reached skill level 1 in Evocations
  5658 | D:5      | Killed Dowan
  5658 | D:5      | Reached skill level 1 in Fighting
  5658 | D:5      | Reached skill level 8 in Spellcasting
  5925 | D:5      | Found a white marble altar of Elyvilon.
  6020 | D:5      | Noticed Eustachio
  6033 | D:5      | Killed Eustachio
  6033 | D:5      | Reached skill level 1 in Armour
  6072 | D:5      | Learned a level 1 spell: Shock
  6194 | D:5      | Reached XP level 8. HP: 31/43 MP: 14/22
  6344 | D:5      | Noticed Blork the orc
  6349 | D:5      | Noticed Pikel
  6364 | D:5      | Mangled by Pikel

Vault maps used:
D:1:      eino_arrival_water_star, nrook_mini_vaults, hangedman_decor_slide_cut,
          hangedman_decor_clover_reticule, hangedman_abyss_or_decor_lesser_grid
D:2:      minmay_kobold_bridge, uniq_terence, uniq_crazy_yiuf_cottage
D:3:      lemuel_crystal_altar, nicolae_overflow_crystal_walls
D:4:      first_bread, gup_ossuary_entry_pyramid, hangedman_decor_riveting
D:5:      lemuel_doored_altar, kennysheep_crisscross, grunt_ministairs_13,
          uniq_eustachio, uniq_pikel, uniq_blork_the_orc, uniq_duvessa
Temple:   regret_index_temple_generic_petals

Skill      XL: |  1  2  3  4  5  6  7  8 |
---------------+-------------------------+-----
Spellcasting   | 4 5 6 7 8 |  8.3
Conjurations   | 2 3 4 |  4.4
Fire Magic     | 4 5 |  5.5
Short Blades   | 1 |  1.9
Evocations     | 1 2 |  2.0
Fighting       | 1 |  1.3
Armour         | 1 |  1.4
Dodging        | 3 |  3.0
Stealth        | |  2.4

Action                   |  1- 3 |  4- 6 |  7- 9 || total
-------------------------+-------+-------+-------++-------
Melee: Hand axe          |     6 |       |       ||     6
       Dagger            |     3 |    12 |     1 ||    16
 Cast: Flame Tongue      |    38 |    91 |    35 ||   164
       Throw Flame       |    17 |    52 |    19 ||    88
       Sticky Flame      |       |     2 |     7 ||     9
  Use: Scroll            |     4 |     6 |       ||    10
       Potion            |       |     7 |       ||     7
 Stab: Sleeping          |     2 |     3 |       ||     5
  Eat: Chunk             |     3 |     7 |     2 ||    12
       Meat ration       |       |     1 |       ||     1
Armor: Robe              |     1 |     8 |     6 ||    15
       Skin              |       |     9 |       ||     9
Dodge: Dodged            |    22 |    27 |    11 ||    60
